 Dungeon Crawl Stone Soup version 0.28-a0-429-g1448048969 (webtiles) character file.

Game seed: 1092322049395348880

2700 pokeman the Thaumaturge (level 9, -2/49 HPs)
             Began as a Deep Elf Hedge Wizard on Sept 11, 2021.
             Was a Follower of Vehumet.
             Slain by a bullfrog (7 damage)
             ... on level 7 of the Dungeon.
             The game lasted 00:20:34 (9179 turns).

pokeman the Thaumaturge (Deep Elf Hedge Wizard)     Turns: 9179, Time: 00:20:35

Health: -2/49      AC:  3    Str:  7    XL:     9   Next: 38%
Magic:  4/26       EV: 12    Int: 23    God:    Vehumet [*.....]
Gold:   223        SH:  0    Dex: 14    Spells: 18/30 levels left

rFire   . . .      SeeInvis +   u - +3 rapier (protect)
rCold   . . .      Faith    .   (no shield)
rNeg    . . .      Spirit   .   n - +0 leather armour
rPois   .          Reflect  .   c - +0 hat
rElec   .          Harm     .   (no cloak)
rCorr   .          Rampage  .   (no gloves)
Will    +....                   (no boots)
Stlth   ++........              (no amulet)
HPRegen 0.16/turn               w - ring of see invisible
MPRegen 0.20/turn               a - ring of willpower

@: very slightly contaminated
A: no striking features
a: Renounce Religion


You were on level 7 of the Dungeon.
You worshipped Vehumet.
Vehumet was aware of your devotion.
You visited 2 branches of the dungeon, and saw 8 of its levels.

You collected 307 gold pieces.
You spent 84 gold pieces at shops.

Inventory:

Hand Weapons
 u - a +3 rapier of protection (weapon)
 v - a +0 shortbow
Missiles
 o - 74 bolts
 p - 7 curare-tipped darts
 r - 99 arrows
Armour
 c - a +0 hat (worn)
 n - a +0 leather armour (worn)
Magical Staves
 x - a staff of cold
Jewellery
 a - a ring of willpower (right hand)
 g - a +6 ring of dexterity
 w - a ring of see invisible (left hand)
Wands
 b - a wand of iceblast (9)
 q - a wand of flame (15)
Scrolls
 f - 3 scrolls of summoning
 k - a scroll of vulnerability
 m - a scroll of amnesia
 s - a scroll of enchant weapon
 t - 3 scrolls of teleportation
 y - a scroll of fear
 z - a scroll of fog
Potions
 d - 2 potions of heal wounds
 e - a potion of attraction
 h - 3 potions of cancellation {unknown}
 i - a potion of curing
 j - 2 potions of degeneration {unknown}
 l - a potion of lignification {unknown}


   Skills:
 + Level 2.9 Fighting
 - Level 3.0 Armour
 - Level 3.1 Dodging
 - Level 3.1 Stealth
 * Level 11.3 Spellcasting
 + Level 6.2 Conjurations
 - Level 3.0 Summonings
 - Level 1.1 Translocations
 + Level 4.0 Fire Magic
 - Level 1.0 Ice Magic
 - Level 1.2 Air Magic
 - Level 1.0 Poison Magic
 - Level 1.3 Evocations


You had 18 spell levels left.
You knew the following spells:

 Your Spells              Type           Power      Damage    Failure   Level
a - Magic Dart            Conj           100%       1d8       1%          1
b - Mephitic Cloud        Conj/Pois/Air  26%        N/A       7%          3
c - Call Imp              Summ           27%        N/A       3%          2
d - Blink                 Tloc           N/A        N/A       7%          2
e - Conjure Flame         Conj/Fire      36%        6-21      2%          3
f - Foxfire               Conj/Fire      100%       2x1d9     1%          1

Your spell library contained the following spells:

 Spells                   Type           Power      Damage    Failure   Level
 Poisonous Vapours        Pois/Air       36%        N/A       7%          2
 Corpse Rot               Necr/Air       N/A        N/A       9%          2
 Slow                     Hex            13%        N/A       11%         2
 Confusing Touch          Hex            13%        N/A       22%         3
 Vampiric Draining        Necr           6%         2d6       22%         3


Dungeon Overview and Level Annotations

Branches:
Dungeon (7/15)             Temple (1/1) D:4

Altars:
Dithmenos
Elyvilon
Fedhas
Gozag
Kikubaaqudgha
Makhleb
Nemelex Xobeh
Okawaru
Trog
Uskayaw
Vehumet
Yredelemnul

Shops:
D:6 ?

Annotations:
D:5 3 runed translucent doors, Phlounder's ghost, novice DjFi


Message History

The water moccasin is almost dead.
The water moccasin barely misses you.
Unknown command.
Casting: Foxfire (safe; 1% risk of failure)
Confirm with . or Enter, or press ? or * to list all spells.
You conjure some foxfire!
You feel sick.
The water moccasin bites you but does no damage.
Unknown command.
Casting: Foxfire (safe; 1% risk of failure)
Confirm with . or Enter, or press ? or * to list all spells.
You blink.
You feel sick.
The foxfire hits the water moccasin!
You kill the water moccasin!
Vehumet accepts your kill.
The foxfire hits the bullfrog.
The bullfrog is lightly wounded.
A wight comes into view. It is wielding a +0 morningstar.
Your Fire Magic skill increases to level 4!
You feel sick. The bullfrog barely misses you. The bullfrog hits you.
* * * LOW HITPOINT WARNING * * *
Your magical contamination has completely faded away.
You feel sick.
You feel better. The bullfrog completely misses you.
The bullfrog swells and bulges.
The bullfrog closely misses you.
Casting: Blink (safe; 7% risk of failure)
Confirm with . or Enter, or press ? or * to list all spells.
Aiming: Mephitic Cloud (dangerous; 7% risk of failure)
Press: ? - help, Shift-Dir - straight line You miscast Mephitic Cloud.
You are very lightly contaminated with residual magic.
Nothing appears to happen.
The bullfrog closely misses you. The bullfrog hits you.
* * * LOW HITPOINT WARNING * * *
Casting: Mephitic Cloud (dangerous; 7% risk of failure)
Confirm with . or Enter, or press ? or * to list all spells.
You blink.
The bullfrog hits you.
* * * LOW HITPOINT WARNING * * *
The wight barely misses you. The bullfrog hits you!
You die...

##..##.... ###..### .....#.#
##....### #####......
#......#. ##..#.....#
#.....### #... #....# #
####...## ##..##..# #.
#..#..... #.....z.#
...##.......# #......F##
............# #.......@##
.##.......... ###.........#
.>...........
###.....†...#....##.#........
#..........##....##.##..#....
#...........###..##....###...
...........####.......##.....
...........##.......#.#......
###......#...).....#.........
##.....##..##.....#.........


You could see a bullfrog and a wight.

Vanquished Creatures
  Eustachio (D:4)
  3 water moccasins
  A sky beast (D:6)
  2 ice beasts
  4 ogres
  A necrophage (D:6)
  4 centaurs
  Blork the orc (D:4)
  A wyvern zombie (D:4)
  2 scorpions
  A water moccasin skeleton (D:5)
  A howler monkey (D:5)
  3 wights (D:7)
  A bullfrog zombie (D:5)
  A centaur zombie (D:7)
  A bullfrog skeleton (D:5)
  2 hounds (D:4)
  2 centaur skeletons
  3 gnoll shamans
  6 iguanas
  3 orc wizards
  A hound skeleton (D:4)
  A howler monkey zombie (D:6)
  A howler monkey skeleton (D:4)
  12 gnolls
  2 adders
  A white imp (D:5)
  2 ufetubi (D:5)
  An adder zombie (D:5)
  4 dart slugs
  A worm (D:2)
  8 orcs
  6 bats
  2 endoplasms
  5 giant cockroaches
  3 goblins (D:1)
  7 hobgoblins
  4 ball pythons
  4 frilled lizards
  7 kobolds
  2 rats (D:3)
  A toadstool (D:1)
119 creatures vanquished.

Vanquished Creatures (collateral kills)
  2 orcs (D:3)
2 creatures vanquished.

Vanquished Creatures (others)
  151 foxfires
  3 toadstools (D:1)
154 creatures vanquished.

Grand Total: 275 creatures vanquished

Notes
Turn   | Place    | Note
-------+----------+-------------------------------------------
     0 | D:1      | pokeman the Deep Elf Hedge Wizard began the quest for the
                  | Orb.
     0 | D:1      | Reached XP level 1. HP: 10/10 MP: 7/7
   348 | D:1      | Reached XP level 2. HP: 15/15 MP: 4/9
   882 | D:1      | Reached skill level 5 in Spellcasting
  1529 | D:2      | Reached XP level 3. HP: 20/20 MP: 5/11
  1693 | D:1      | Learned a level 3 spell: Mephitic Cloud
  1696 | D:1      | Learned a level 2 spell: Call Imp
  1699 | D:1      | Learned a level 2 spell: Blink
  1740 | D:1      | Learned a level 3 spell: Conjure Flame
  1918 | D:2      | Found a shadowy altar of Dithmenos.
  2006 | D:2      | Reached skill level 1 in Fighting
  2006 | D:2      | Reached skill level 1 in Armour
  2923 | D:3      | Reached XP level 4. HP: 9/25 MP: 5/13
  4200 | D:4      | Noticed Blork the orc
  4216 | D:4      | Killed Blork the orc
  4217 | D:4      | Reached skill level 6 in Spellcasting
  4217 | D:4      | Reached skill level 1 in Fire Magic
  4217 | D:4      | Reached XP level 5. HP: 29/29 MP: 8/15
  4488 | D:4      | Noticed an ogre
  4497 | D:4      | Killed an ogre
  4498 | D:4      | Reached skill level 1 in Air Magic
  4498 | D:4      | Reached XP level 6. HP: 25/34 MP: 1/17
  4800 | D:4      | Found a staircase to the Ecumenical Temple.
  4812 | Temple   | Entered the Ecumenical Temple
  4844 | Temple   | Became a worshipper of Vehumet
  4952 | D:4      | Reached skill level 7 in Spellcasting
  5010 | D:4      | Reached skill level 1 in Poison Magic
  5102 | D:4      | Found a blossoming altar of Fedhas.
  5366 | D:4      | Noticed Eustachio
  5383 | D:4      | Killed Eustachio
  5384 | D:4      | Reached skill level 1 in Evocations
  5384 | D:4      | Reached XP level 7. HP: 22/39 MP: 8/20
  5560 | D:4      | Reached skill level 8 in Spellcasting
  6060 | D:5      | Entered Level 5 of the Dungeon
  6312 | D:5      | Reached XP level 8. HP: 28/44 MP: 19/22
  6501 | D:5      | Reached skill level 9 in Spellcasting
  6582 | D:5      | Reached * piety under Vehumet
  6582 | D:5      | Offered knowledge of Foxfire by Vehumet.
  6585 | D:5      | Learned a level 1 spell: Foxfire
  6711 | D:5      | Reached skill level 5 in Conjurations
  6858 | D:5      | Found a runed translucent gate.
  6858 | D:5      | Found a runed translucent gate.
  6858 | D:5      | Found a runed translucent gate.
  7041 | D:5      | Noticed Phlounder's ghost (novice DjFi)
  7585 | D:6      | Reached skill level 10 in Spellcasting
  8044 | D:6      | Reached skill level 1 in Ice Magic
  8387 | D:6      | Found Bomirr's Magic Scroll Shoppe.
  8390 | D:6      | Bought a scroll of identify for 24 gold pieces
  8390 | D:6      | Bought a scroll of teleportation for 36 gold pieces
  8390 | D:6      | Bought a scroll of fog for 24 gold pieces
  8530 | D:7      | Reached XP level 9. HP: 48/48 MP: 19/25
  8926 | D:7      | Reached skill level 11 in Spellcasting
  9173 | D:7      | HP: 2/49 [poisoned by a water moccasin]
  9179 | D:7      | Slain by a bullfrog

Illustrated notes

Levels and vault maps discovered:
D:1:      ldierk_water_garden, layout_basic
D:2:      layout_basic, basic_altar
D:3:      layout_loops_cross
D:4:      layout_loops_cross, marbit_many_paths, temple_green,
          chequers_arboretum, kennysheep_generic_room_11, uniq_blork_the_orc,
          uniq_eustachio
D:5:      layout_rooms, gammafunk_ghost_icy
D:6:      layout_loops_ring, serial_shops, nicolae_shop_behind_doors,
          minivault_11
D:7:      layout_cave_pools, kennysheep_generic_room_7
Temple:   regret_index_temple_sigil_plot

Skill      XL: |  1  2  3  4  5  6  7  8  9 |
---------------+----------------------------+-----
Spellcasting   | 5 6 7 8 10 11 | 11.3
Fighting       | 1 2 |  2.9
Armour         | 1 3 |  3.0
Conjurations   | 2 3 4 5 6 |  6.2
Dodging        | 3 |  3.1
Fire Magic     | 1 2 3 4 |  4.0
Stealth        | 3 |  3.1
Air Magic      | 1 |  1.2
Poison Magic   | 1 |  1.0
Evocations     | 1 |  1.3
Summonings     | 3 |  3.0
Ice Magic      | 1 |  1.0
Translocations | |  1.1

Action                   |  1- 3 |  4- 6 |  7- 9 || total
-------------------------+-------+-------+-------++-------
Melee: Dagger            |     8 |       |       ||     8
       Long sword        |       |    26 |       ||    26
       Rapier            |       |       |    37 ||    37
 Cast: Magic Dart        |    87 |    63 |    64 ||   214
       Call Imp          |     2 |     1 |     2 ||     5
       Mephitic Cloud    |     1 |     7 |    16 ||    24
       Conjure Flame     |     1 |     7 |    18 ||    26
       Blink             |     1 |     1 |     6 ||     8
       Foxfire           |       |       |    87 ||    87
Evoke: Wand              |       |       |     1 ||     1
  Use: Scroll            |       |       |     7 ||     7
       Potion            |       |       |     1 ||     1
 Stab: Confused          |       |     2 |     8 ||    10
Armor: Robe              |     4 |       |       ||     4
       Leather armour    |       |     3 |    15 ||    18
Dodge: Dodged            |    14 |    30 |    50 ||    94

Table legend: (Time is in decaauts)
 A = Elapsed time spent in this place.
 B = Non-inter-level travel time spent in this place.
 C = Inter-level travel time spent in this place.
 D = Time resting spent in this place.
 E = Time spent auto-exploring this place.
 F = Levels seen in this place.
 G = Mean time per level.
                   A        B        C        D        E       F      G
               +--------+--------+--------+--------+--------+-----+--------+
         Total |   9201 |   8787 |    414 |    651 |   6820 |   8 | 1150.1 |
       Dungeon |   9144 |   8753 |    391 |    651 |   6799 |   7 | 1306.3 |
        Temple |     56 |     33 |     23 |      0 |     21 |   1 |   56.0 |
               +--------+--------+--------+--------+--------+-----+--------+

Top non-repeatable levels by time:
     D:4: 1964 daAuts
     D:2: 1533 daAuts
     D:3: 1389 daAuts
     D:1: 1345 daAuts
     D:5: 1279 daAuts
     D:6: 959 daAuts
     D:7: 673 daAuts
  Temple: 56 daAuts
